 Dungeon Crawl Stone Soup version 0.30-a0-269-gf0224bf7b6 (webtiles) character file.

Game seed: 1870463362658154954

825 Iusername the Covered (level 7, 0/94 HPs)
             Began as a Minotaur Fighter on Oct 14, 2022.
             Succumbed to a scorpion's poison
             ... on level 5 of the Dungeon.
             The game lasted 00:04:49 (5551 turns).

Iusername the Covered (Minotaur Fighter)            Turns: 5551, Time: 00:04:50

Health: 0/94       AC: 14    Str: 23    XL:     7   Next: 64%
Magic:  6/6        EV:  6    Int:  5    God:
Gold:   238        SH:  5    Dex:  9    Spells: 6/6 levels left

rFire   . . .      SeeInvis .    a - +0 war axe
rCold   . . .      Faith    .    c - +0 buckler
rNeg    . . .      Spirit   .    m - +0 plate armour
rPois   .          Reflect  .    (helmet restricted)
rElec   .          Harm     .    (no cloak)
rCorr   .          Rampage  .    v - +0 pair of gloves
Will    .....                    (no boots)
Stlth   ..........               (no amulet)
HPRegen 0.35/turn                (no ring)
MPRegen 0.10/turn                (no ring)

@: mighty, berserking (expiring), lethally poisoned (0 -> -3), very quick
A: horns 2, retaliatory headbutt
a: no special abilities


You were on level 5 of the Dungeon.
You visited 1 branch of the dungeon, and saw 5 of its levels.

You collected 238 gold pieces.

Inventory:

Hand Weapons
 a - a +0 war axe (weapon)
Missiles
 b - a throwing net (quivered)
Armour
 c - a +0 buckler (worn)
 m - a +0 plate armour (worn)
 v - a +0 pair of gloves (worn)
Jewellery
 g - a ring of protection from fire
Wands
 f - a wand of paralysis (11)
 p - a wand of polymorph (4)
 r - a wand of light (9)
Scrolls
 e - a scroll of blinking {unknown}
 k - a scroll of acquirement {unknown}
 n - a scroll of identify
 o - a scroll of amnesia {unknown}
 q - 2 scrolls of noise
 y - a scroll of butterflies {unknown}
 z - a scroll of poison {unknown}
Potions
 h - a potion of flight {unknown}
 i - 2 potions of mutation
 j - 2 potions of haste
 l - a potion of attraction
 s - 2 potions of cancellation {unknown}
 u - a potion of resistance {unknown}
 w - a potion of ambrosia {unknown}
 x - a potion of brilliance {unknown}


   Skills:
 + Level 6.2 Fighting
 + Level 5.6 Axes
 + Level 6.3 Armour
 + Level 6.2 Shields


You had 6 spell levels left.
You didn't know any spells.
Your spell library contained the following spells:

 Spells                   Type           Power      Damage    Failure   Level
 Sandblast                Erth           0%         2d4       100%        1
 Passwall                 Tmut/Erth      0%         N/A       100%        2
 Ignite Poison            Fire/Tmut/Pois 0%         N/A       100%        3
 Stone Arrow              Conj/Erth      0%         3d7       100%        3
 Animate Dead             Necr           0%         N/A       100%        4
 Sticky Flame             Conj/Fire      0%         2d3       100%        4
 Borgnjor's Vile Clutch   Necr/Erth      0%         N/A       100%        5
 Death Channel            Necr           0%         N/A       100%        6
 Ignition                 Fire           0%         3d3       100%        8


Dungeon Overview and Level Annotations

Branches:
Dungeon (5/15)             Temple (0/1) D:5

Altars:
Fedhas
Gozag
Makhleb
Xom
Yredelemnul
Zin

Shops:
D:1 *   D:5 (

Annotations:
D:5 Dowan


Innate Abilities, Weirdness & Mutations

You have a pair of horns on your head.
You reflexively headbutt those who attack you in melee.


Message History

You are too injured to fight recklessly!
Unknown command.
You are too injured to fight recklessly!
Unknown command.
You are too injured to fight recklessly!
You slash the ice beast! You headbutt the ice beast!
The ice beast is almost dead.
You slash the orc!
You kill the orc!
You barely miss the orc. You hit the iguana.
You feel sick.
The iguana bites you but does no damage.
The orc barely misses you. You block the ice beast's attack.
The orc wizard mumbles some strange words.
The orc wizard flickers and vanishes!
Deactivating autopickup; reactivate with Ctrl-A.
You closely miss the ice beast.
The ice beast is severely wounded.
You barely miss the iguana. You barely miss the ogre.
You completely miss the orc.
You feel sick. You block the iguana's attack. The orc closely misses you.
The ice beast hits you.
* * * LOW HITPOINT WARNING * * *
The ice beast freezes you!
* * * LOW HITPOINT WARNING * * *
The ogre closely misses you.
You are too berserk!
You barely miss the ice beast.
The ice beast is severely wounded.
You slash the iguana!
You kill the iguana!
You barely miss the ogre. You slash the orc!
You kill the orc!
* * * LOW HITPOINT WARNING * * *
You feel sick.
Dowan smirks and points a slender finger.
The ice beast barely misses you. You furiously retaliate!
You headbutt the ice beast. You hit the ice beast. You headbutt the ice beast.
You kill the ice beast!
You barely miss the ogre.
You die...

.# #....####
#......#
'#########'###
#......# ...(.#
#.....# #.......
.....# #.....#
#.####... .^...#
#.....## #.
.....# #......#
... ..####
#....#.#### ....
#.# #...##..).#
..... ..#
#...#####@#......
..##
#...#...†>Oe.....
...#
#...#......#.....
#..# #...#$.....#
#### ...#
#...#......# ...#
#...#......# ..##
#...#......# .##
#...#......# ##
#...#......#


You could see an ogre and Dowan.

Vanquished Creatures
  2 water moccasins (D:5)
  An ice beast (D:5)
  An ogre (D:5)
  3 scorpions
  5 iguanas
  2 orc wizards (D:5)
  6 gnolls
  3 adders
  A dart slug (D:4)
  8 orcs
  14 ball pythons
  4 bats
  14 endoplasms
  A giant cockroach (D:2)
  7 goblins
  3 hobgoblins
  6 jackals
  2 quokkas (D:1)
  4 frilled lizards
  7 kobolds
  5 rats
99 creatures vanquished.

Notes
Turn   | Place    | Note
-------+----------+-------------------------------------------
     0 | D:1      | Iusername the Minotaur Fighter began the quest for the Orb.
     0 | D:1      | Reached XP level 1. HP: 19/19 MP: 0/0
    99 | D:1      | Reached XP level 2. HP: 27/27 MP: 1/1
   553 | D:1      | Found Waotetuti's General Store.
   766 | D:2      | Reached XP level 3. HP: 28/33 MP: 2/2
  1433 | D:2      | Found a faded altar of an unknown god.
  1649 | D:3      | Reached XP level 4. HP: 41/41 MP: 3/3
  1806 | D:3      | Found a burning altar of Makhleb.
  1808 | D:3      | Found a glowing silver altar of Zin.
  1808 | D:3      | Noticed an angel
  1809 | D:3      | Noticed a balrug
  2170 | D:4      | Identified the +3 leather armour "Rinoi" {*Slow Int+2
                  | Dex+3}
  2181 | D:4      | Found a shimmering altar of Xom.
  2183 | D:4      | Found a basalt altar of Yredelemnul.
  2211 | D:4      | Noticed a scorpion
  2224 | D:4      | Killed a scorpion
  2225 | D:4      | Reached XP level 5. HP: 35/47 MP: 4/4
  2510 | D:4      | Found an opulent altar of Gozag.
  2514 | D:4      | Found a blossoming altar of Fedhas.
  2630 | D:4      | Reached skill level 5 in Fighting
  2630 | D:4      | Reached skill level 5 in Armour
  2630 | D:4      | Reached skill level 5 in Shields
  2646 | D:4      | Reached XP level 6. HP: 35/56 MP: 5/5
  3266 | D:5      | Entered Level 5 of the Dungeon
  3715 | D:5      | Found a staircase to the Ecumenical Temple.
  3746 | D:5      | Noticed a water moccasin
  3759 | D:5      | Killed a water moccasin
  4448 | D:5      | Reached skill level 5 in Axes
  4448 | D:5      | Reached XP level 7. HP: 20/62 MP: 6/6
  4804 | D:5      | Found Weis's Antique Weapon Shop.
  4920 | D:5      | HP: 3/62 [poisoned by a water moccasin]
  4923 | D:5      | HP: 1/63 [poisoned by a water moccasin]
  5537 | D:5      | Noticed Dowan
  5549 | D:5      | HP: 1/94 [ice beast (14)]
  5551 | D:5      | Succumbed to a scorpion's poison

Illustrated notes

Levels and vault maps discovered:
D:1:      dpeg_arrival_stone_temple_mockup, layout_loops_ring, serial_shops,
          shop, minmay_split_cup_large
D:2:      layout_loops_corners, basic_ecumenical_altar, grunt_decor_resistance,
          minmay_tromino_mix6
D:3:      layout_rooms, grunt_temple_overflow_order_and_chaos_2
D:4:      layout_cave_pods, nicolae_overflow_hidden_temple
D:5:      layout_basic, minmay_temple_entry_waves, serial_shops, shop_statue,
          uniq_duvessa

Skill      XL: |  1  2  3  4  5  6  7 |
---------------+----------------------+-----
Armour         | 4 5 6 |  6.3
Fighting       | 4 5 6 |  6.2
Shields        | 4 5 6 |  6.2
Axes           | 3 4 5 |  5.6

Action                   |  1- 3 |  4- 6 |  7- 9 || total
-------------------------+-------+-------+-------++-------
Melee: War axe           |    98 |   113 |    44 ||   255
       Headbutt          |     7 |    10 |    10 ||    27
  Use: Scroll            |       |     5 |       ||     5
       Potion            |       |     3 |     2 ||     5
Armor: Scale mail        |    35 |       |       ||    35
       Plate armour      |    12 |    88 |    30 ||   130
Dodge: Dodged            |    41 |    38 |    17 ||    96
Block: Buckler           |    24 |    22 |    10 ||    56

Table legend: (Time is in decaauts)
 A = Elapsed time spent in this place.
 B = Non-inter-level travel time spent in this place.
 C = Inter-level travel time spent in this place.
 D = Time resting spent in this place.
 E = Time spent auto-exploring this place.
 F = Levels seen in this place.
 G = Mean time per level.
                   A        B        C        D        E       F      G
               +--------+--------+--------+--------+--------+-----+--------+
         Total |   5636 |   5491 |    145 |   1961 |   2818 |   5 | 1127.2 |
       Dungeon |   5636 |   5491 |    145 |   1961 |   2818 |   5 | 1127.2 |
               +--------+--------+--------+--------+--------+-----+--------+

Top non-repeatable levels by time:
     D:5: 2305 daAuts
     D:4: 1143 daAuts
     D:2: 987 daAuts
     D:1: 694 daAuts
     D:3: 507 daAuts
